 Dungeon Crawl Stone Soup version 0.22-a0-614-g34fbaa0 (webtiles) character file.

721 CougarLife the Shield-Bearer (level 7, -6/60 HPs)
             Began as a Gnoll Fighter on July 20, 2018.
             Was an Initiate of Okawaru.
             Killed from afar by Oddmanout259's ghost (10 damage)
             ... with a zap
             ... on level 5 of the Dungeon.
             The game lasted 00:04:31 (3337 turns).

CougarLife the Shield-Bearer (Gnoll Fighter)        Turns: 3337, Time: 00:04:32

Health: -6/60      AC: 10    Str: 20    XL:     7   Next: 70%
Magic:  10/10      EV: 10    Int: 10    God:    Okawaru [......]
Gold:   208        SH: 11    Dex: 20    Spells: 11/11 levels left

rFire    . . .     SeeInvis .   u - +5 falchion "Zitasuax" {pain, Dex+5}
rCold    . . .     Gourm    .   c - +0 shield
rNeg     + . .     Faith    .   b - +0 scale mail
rPois    .         Spirit   .   a - +0 helmet
rElec    .         Reflect  .   (no cloak)
rCorr    .         Harm     .   x - +0 pair of gloves
MR       .....                  (no boots)
Stlth    +.........             (no amulet)
HPRegen  0.20/turn              d - ring of positive energy
MPRegen  0.12/turn              (no ring)

@: no status effects
A: distributed training, fangs 1, strong nose
a: Renounce Religion


You were on level 5 of the Dungeon.
You worshipped Okawaru.
Okawaru was noncommittal.
You were not hungry.

You visited 2 branches of the dungeon, and saw 6 of its levels.

You collected 208 gold pieces.

Inventory:

Hand Weapons
 u - the +5 falchion "Zitasuax" (weapon) {pain, Dex+5}
   (You found it on level 4 of the Dungeon)

   In the hands of one skilled in necromantic magic, it inflicts extra damage on
   living creatures.
   It affects your dexterity (+5).
Armour
 a - a +0 helmet (worn)
 b - a +0 scale mail (worn)
 c - a +0 shield (worn)
 x - a +0 pair of gloves (worn)
Jewellery
 d - a ring of positive energy (left hand)
Scrolls
 g - 2 scrolls of amnesia {unknown}
 i - 2 scrolls of enchant armour {unknown}
 l - 3 scrolls of identify
 m - 2 scrolls of fear
 n - a scroll of blinking {unknown}
 p - a scroll of immolation {unknown}
 q - 2 scrolls of enchant weapon {unknown}
 r - 5 scrolls of remove curse
 s - 4 scrolls of teleportation {unknown}
 t - a scroll of random uselessness {unknown}
 v - a scroll of noise {unknown}
Potions
 e - 2 potions of agility {unknown}
 h - a potion of lignification {unknown}
 j - a potion of mutation {unknown}
 k - a potion of heal wounds {unknown}
 o - a potion of berserk rage {unknown}
 w - 2 potions of brilliance {unknown}
 z - 2 potions of cancellation {unknown}
Comestibles
 f - 11 rations


   Skills:
 + Level 7.1 Fighting
 + Level 2.6 Short Blades
 + Level 2.6 Long Blades
 + Level 5.3 Axes
 + Level 2.6 Maces & Flails
 + Level 2.6 Polearms
 + Level 2.6 Staves
 + Level 2.6 Slings
 + Level 2.6 Bows
 + Level 2.6 Crossbows
 + Level 2.6 Throwing
 + Level 7.1 Armour
 + Level 2.6 Dodging
 + Level 2.6 Stealth
 + Level 7.1 Shields
 + Level 2.6 Unarmed Combat
 + Level 2.6 Spellcasting
 + Level 2.1 Conjurations
 + Level 2.1 Hexes
 + Level 2.1 Charms
 + Level 2.1 Summonings
 + Level 2.1 Necromancy
 + Level 2.1 Translocations
 + Level 2.1 Transmutations
 + Level 2.1 Fire Magic
 + Level 2.1 Ice Magic
 + Level 2.1 Air Magic
 + Level 2.1 Earth Magic
 + Level 2.1 Poison Magic
 + Level 2.9 Invocations
 + Level 2.6 Evocations


You had 11 spell levels left.
You didn't know any spells.
Your spell library contained the following spells:

 Spells                   Type           Power        Failure   Level  Hunger
 Spider Form              Tmut/Pois      #.........   95%         3    ####...
 Blade Hands              Tmut           #.........   100%        5    ######.
 Ice Form                 Ice/Tmut       #.......     100%        4    #####..
 Sticks to Snakes         Tmut           #.......     78%         2    ###....
 Beastly Appendage        Tmut           #.....       65%         1    ##.....


Dungeon Overview and Level Annotations

Branches:
Dungeon (5/15)             Temple (1/1) D:5

Altars:
Ashenzari
Cheibriados
Dithmenos
Elyvilon
Fedhas
Gozag
Hepliaklqana
Kikubaaqudgha
Makhleb
Nemelex Xobeh
Okawaru
Qazlal
Ru
Sif Muna
Trog
Uskayaw
Vehumet
Wu Jian
Xom
Yredelemnul
Zin
The Shining One

Annotations:
D:5 Dmuffinman's ghost, amateur DsGl; Marrow's ghost, amateur GrMo; Oddmanout259's ghost, novice DrAE; Piginabag's ghost, novice OgWr


Innate Abilities, Weirdness & Mutations

Your experience applies equally to all skills.
You have very sharp teeth.
Your uncanny sense of smell can sniff out nearby items.


Message History

Piginabag's ghost is severely damaged.
Dmuffinman's ghost closely misses you. Oddmanout259's ghost barely misses you.
Piginabag's ghost hits you.
Piginabag's ghost hits you but does no damage.
Dmuffinman's ghost lets out a mournful wail.
Dmuffinman's ghost hits you!
You are too injured to fight recklessly!
Unknown command.
You are too injured to fight recklessly!
Unknown command.
You hit Dmuffinman's ghost but do no damage.
Oddmanout259's ghost points at you and mumbles some strange words.
The zap hits you!
Piginabag's ghost hits you but does no damage.
Piginabag's ghost ripples.
Piginabag's ghost barely misses you. Dmuffinman's ghost hits you!
* * * LOW HITPOINT WARNING * * *
Oddmanout259's ghost gestures at you while chanting.
The zap hits you!
You die...

#....##...#.........##.........
###..#..>........)....##.(.......
........#.............##.........
..................>...###########
........................####### #
.<....................#.......###
..............#..................
........(...#..WW.#...##.........
##.............W@.######.........
.........####''W### #.........
##.#.....#?...!W..$### #.........
##.......#8.......8#.###.........
#........#$.......%#...........>.
...##....#........%#...#.........
.........##8.....8##...#.........
.........###....[##....####....##
....####.#.# ∆ ∆ #....## ###..#


You could see Dmuffinman's ghost, Marrow's ghost, Oddmanout259's ghost and 2
Piginabag's ghosts.

Vanquished Creatures
  An ice beast (D:5)
  A bullfrog (D:4)
  A gnoll sergeant (D:4)
  A centaur zombie (D:5)
  2 hounds
  A centaur skeleton (D:3)
  An orc priest (D:2)
  A gnoll shaman (D:4)
  An iguana (D:5)
  3 worker ants
  8 gnolls (D:4)
  7 adders
  An adder zombie (D:5)
  3 worms
  2 dart slugs
  3 leopard geckos (D:1)
  8 orcs
  2 giant cockroaches
  3 hobgoblins
  9 jackals
  5 kobolds
  3 quokkas
  2 ball pythons
  6 bats
  4 frilled lizards
  A giant cockroach zombie (D:5)
  A leopard gecko skeleton (D:4)
  A quokka zombie (D:5)
  6 rats
88 creatures vanquished.

Notes
Turn   | Place    | Note
-------+----------+-------------------------------------------
     0 | D:1      | CougarLife the Gnoll Fighter began the quest for the Orb.
     0 | D:1      | Reached XP level 1. HP: 23/23 MP: 1/1
   275 | D:1      | Reached XP level 2. HP: 28/29 MP: 2/2
   628 | D:2      | Reached XP level 3. HP: 32/35 MP: 3/3
   773 | D:2      | Reached skill level 1 in Invocations
   874 | D:2      | Reached skill level 1 in Short Blades
   874 | D:2      | Reached skill level 1 in Long Blades
   874 | D:2      | Reached skill level 1 in Maces & Flails
   874 | D:2      | Reached skill level 1 in Polearms
   874 | D:2      | Reached skill level 1 in Staves
   874 | D:2      | Reached skill level 1 in Slings
   874 | D:2      | Reached skill level 1 in Bows
   874 | D:2      | Reached skill level 1 in Crossbows
   874 | D:2      | Reached skill level 1 in Throwing
   874 | D:2      | Reached skill level 1 in Dodging
   874 | D:2      | Reached skill level 1 in Stealth
   874 | D:2      | Reached skill level 1 in Unarmed Combat
   874 | D:2      | Reached skill level 1 in Spellcasting
   874 | D:2      | Reached skill level 1 in Evocations
   874 | D:2      | Reached XP level 4. HP: 41/41 MP: 5/5
  1028 | D:2      | Reached skill level 1 in Conjurations
  1028 | D:2      | Reached skill level 1 in Hexes
  1028 | D:2      | Reached skill level 1 in Charms
  1028 | D:2      | Reached skill level 1 in Summonings
  1028 | D:2      | Reached skill level 1 in Necromancy
  1028 | D:2      | Reached skill level 1 in Translocations
  1028 | D:2      | Reached skill level 1 in Transmutations
  1028 | D:2      | Reached skill level 1 in Fire Magic
  1028 | D:2      | Reached skill level 1 in Ice Magic
  1028 | D:2      | Reached skill level 1 in Air Magic
  1028 | D:2      | Reached skill level 1 in Earth Magic
  1028 | D:2      | Reached skill level 1 in Poison Magic
  1036 | D:2      | Found a burning altar of Makhleb.
  1040 | D:2      | Reached XP level 5. HP: 46/47 MP: 6/6
  1954 | D:4      | Got a fine falchion
  1956 | D:4      | Reached XP level 6. HP: 53/53 MP: 8/8
  1982 | D:4      | Identified the +5 falchion "Zitasuax" {pain, Dex+5} (You found it on level 4 of the Dungeon)
  2061 | D:4      | Reached skill level 5 in Axes
  2078 | D:4      | Reached XP level 7. HP: 38/59 MP: 10/10
  2242 | D:4      | Found an ornate altar of the Wu Jian Council.
  2242 | D:4      | Found a glowing silver altar of Zin.
  2562 | D:5      | Entered Level 5 of the Dungeon
  2611 | D:5      | Found a runed gate.
  2843 | D:5      | Found a staircase to the Ecumenical Temple.
  2853 | Temple   | Entered the Ecumenical Temple
  2901 | Temple   | Became a worshipper of Warmaster Okawaru
  3041 | D:5      | Found a runed gate.
  3041 | D:5      | Found a runed gate.
  3041 | D:5      | Noticed Marrow's ghost (amateur GrMo)
  3041 | D:5      | Noticed Piginabag's ghost (novice OgWr)
  3042 | D:5      | Noticed Oddmanout259's ghost (novice DrAE)
  3042 | D:5      | Noticed Dmuffinman's ghost (amateur DsGl)
  3042 | D:5      | Noticed Piginabag's ghost (novice OgWr)
  3337 | D:5      | Killed from afar by Oddmanout259's ghost

Vault maps used:
D:1:      minmay_arrival_wavy_path
D:2:      grunt_decor_one_mirror, makhleb_blood_cavern_becter
D:4:      gammafunk_temple_overflow_statue, lightli_minifort
D:5:      minmay_temple_entry_statues, first_ration, gammafunk_ghost_cemetery,
          kennysheep_generic_room_8
Temple:   regret_index_temple_chain_breaker

Skill      XL: |  1  2  3  4  5  6  7 |
---------------+----------------------+-----
Invocations    | 1 2 |  2.9
Short Blades   | 1 2 |  2.6
Long Blades    | 1 2 |  2.6
Maces & Flails | 1 2 |  2.6
Polearms       | 1 2 |  2.6
Staves         | 1 2 |  2.6
Slings         | 1 2 |  2.6
Bows           | 1 2 |  2.6
Crossbows      | 1 2 |  2.6
Throwing       | 1 2 |  2.6
Dodging        | 1 2 |  2.6
Stealth        | 1 2 |  2.6
Unarmed Combat | 1 2 |  2.6
Spellcasting   | 1 2 |  2.6
Evocations     | 1 2 |  2.6
Conjurations   | 1 2 |  2.1
Hexes          | 1 2 |  2.1
Charms         | 1 2 |  2.1
Summonings     | 1 2 |  2.1
Necromancy     | 1 2 |  2.1
Translocations | 1 2 |  2.1
Transmutations | 1 2 |  2.1
Fire Magic     | 1 2 |  2.1
Ice Magic      | 1 2 |  2.1
Air Magic      | 1 2 |  2.1
Earth Magic    | 1 2 |  2.1
Poison Magic   | 1 2 |  2.1
Axes           | 5 |  5.3
Fighting       | 7 |  7.1
Armour         | 7 |  7.1
Shields        | 7 |  7.1

Action                   |  1- 3 |  4- 6 |  7- 9 || total
-------------------------+-------+-------+-------++-------
Melee: War axe           |    71 |    98 |       ||   169
       Bite              |     5 |    14 |    13 ||    32
       Falchion          |       |     9 |    79 ||    88
  Use: Scroll            |       |     2 |     1 ||     3
       Potion            |       |     1 |       ||     1
  Eat: Chunk             |       |     4 |     4 ||     8
Armor: Scale mail        |    35 |    32 |    24 ||    91
Dodge: Dodged            |    27 |    48 |    30 ||   105
Block: Shield            |    32 |    82 |    38 ||   152
       Rpst.: Falchion   |       |     4 |     9 ||    13

Table legend:
 A = Spawn XP
 B = Non-spawn XP
 C = Spawn XP percentage of total XP
 D = Spawn monster count
 E = Non-spawn monster count
 F = Spawn count percentage of total count
 G = Total turns spent on level
                    A         B        C        D         E        F      G
               +---------+---------+-------+---------+---------+-------+---------
         Total |       0 |    1030 |   0.0 |       0 |      88 |   0.0 |  3337
               +---------+---------+-------+---------+---------+-------+---------
           D:1 |       0 |      25 |   0.0 |       0 |      14 |   0.0 |   606
           D:2 |       0 |     183 |   0.0 |       0 |      23 |   0.0 |   744
           D:3 |       0 |      81 |   0.0 |       0 |      14 |   0.0 |   512
           D:4 |       0 |     419 |   0.0 |       0 |      22 |   0.0 |   700
           D:5 |       0 |     322 |   0.0 |       0 |      15 |   0.0 |   636
               +---------+---------+-------+---------+---------+-------+---------
